 Dungeon Crawl Stone Soup version 0.31-a0-1626-g5cb510d322 (webtiles) character file.

Game seed: 9531291308377746614

154 CougarLife the Shield-Bearer (level 5, -2/47 HPs)
             Began as a Gnoll Fighter on Jan 12, 2024.
             Succumbed to a kobold brigand's curare-tipped dart
             ... in a sewer.
             The game lasted 00:03:55 (1597 turns).

CougarLife the Shield-Bearer (Gnoll Fighter)        Turns: 1597, Time: 00:03:56

Health: -2/47      AC:  9    Str: 18    XL:     5   Next: 35%
Magic:  7/7        EV:  9    Int:  7    God:
Gold:   147        SH:  5    Dex: 11    Spells: 7/7 levels left

rFire   . . .        a - +0 war axe
rCold   . . .        c - +0 buckler
rNeg    . . .        b - +0 scale mail
rPois   .            (no helmet)
rElec   .            (no cloak)
rCorr   .            k - +0 pair of gloves
SInv    .            (no boots)
Will    +....        (no amulet) Stlth
                     t - ring of willpower
HPRegen 0.27/turn    (no ring)
MPRegen 0.10/turn

%: no passive effects
@: lethally poisoned (-2 -> -12), slowed, very slow
A: fangs 1, strong nose, distributed training
a: no special abilities


You were in a sewer.
You visited 1 branch of the dungeon, and saw 3 of its levels.
You also visited: Sewer.

You collected 147 gold pieces.

Inventory:

Hand Weapons
 a - a +0 war axe (weapon)
Armour
 b - a +0 scale mail (worn)
 c - a +0 buckler (worn)
 k - a +0 pair of gloves (worn)
Jewellery
 t - a ring of willpower (left hand)
Scrolls
 g - a scroll of enchant weapon {unknown}
 i - a scroll of teleportation {unknown}
 l - 3 scrolls of poison {unknown}
 o - a scroll of torment {unknown}
 p - a scroll of fog {unknown}
 r - a scroll of immolation {unknown}
Potions
 d - 2 potions of might
 e - a potion of attraction {unknown}
 f - 3 potions of ambrosia {unknown}
 h - a potion of brilliance {unknown}
 j - a potion of heal wounds {unknown}
 m - a potion of mutation {unknown}
 q - a potion of degeneration {unknown}
 s - a potion of curing {unknown}


   Skills:
 + Level 6.7 Fighting
 + Level 1.5 Short Blades
 + Level 1.5 Long Blades
 + Level 4.8 Axes
 + Level 1.5 Maces & Flails
 + Level 1.5 Polearms
 + Level 1.5 Staves
 + Level 1.5 Ranged Weapons
 + Level 1.5 Throwing
 + Level 6.7 Armour
 + Level 1.5 Dodging
 + Level 1.5 Stealth
 + Level 6.7 Shields
 + Level 1.5 Unarmed Combat
 + Level 1.5 Spellcasting
 + Level 1.2 Conjurations
 + Level 1.2 Hexes
 + Level 1.2 Summonings
 + Level 1.2 Necromancy
 + Level 1.2 Translocations
 + Level 1.2 Fire Magic
 + Level 1.2 Ice Magic
 + Level 1.2 Air Magic
 + Level 1.2 Earth Magic
 + Level 1.2 Alchemy
 + Level 1.7 Invocations
 + Level 1.5 Evocations
 + Level 1.3 Shapeshifting


You had 7 spell levels left.
You didn't know any spells.
Your spell library contained the following spells:

 Spells                   Type           Power      Damage    Failure   Level
 Cigotuvi's Dreadful Rot  Necr/Alch/Air  4%         N/A       77%         2
 Dispel Undead            Necr           2%         3d7       100%        4
 Martyr's Knell           Necr/Summ      2%         N/A       100%        4
 Death Channel            Necr           1%         N/A       100%        6


Dungeon Overview and Level Annotations

Branches:
Dungeon (3/15)              Sewer (1/1)

Altars:
Xom


Innate Abilities, Weirdness & Mutations

You have very sharp teeth.
Your uncanny sense of smell can sniff out nearby items.
Your experience applies equally to all skills.


Message History

You throw a poisoned dart.
The poisoned dart hits the kobold brigand.
The kobold brigand is poisoned.
You hear a splash.
The kobold brigand throws a curare-tipped dart.
The curare-tipped dart barely misses you.
Throw: dart (poison)
Press: ? - help, Q - select action Shift-Dir - straight line, f/p - kobold brigand
Aim: a kobold brigand, wielding a +0 dagger and quivering curare-tipped darts (lightly wounded, poisoned, 47% to hit)
You throw a poisoned dart.
The poisoned dart hits the kobold brigand.
The kobold brigand looks even sicker.
The kobold brigand is lightly wounded.
You hear a splash.
The kobold brigand throws a curare-tipped dart.
The curare-tipped dart hits you.
You are poisoned.
You have difficulty breathing.
You feel yourself slow down.
You feel very sick.
You feel sick.
You feel very sick.
You are no longer poisoned.
The kobold brigand looks more healthy.
The kobold brigand throws a curare-tipped dart.
You block the curare-tipped dart.
The kobold brigand throws a curare-tipped dart.
The curare-tipped dart hits you.
You are poisoned.
You have difficulty breathing.
You feel as though you will be slow longer.
You feel extremely sick.
You feel very sick.
You feel very sick.
The kobold brigand throws a curare-tipped dart.
The curare-tipped dart hits you.
You are lethally poisoned!
You have difficulty breathing.
* * * LOW HITPOINT WARNING * * *
You feel as though you will be slow longer.
You die... # # # # # # # ################################# ~~~~~~~~~~K~~~~~@~~......∩∩...... ################################# #

You could see a kobold brigand.

Vanquished Creatures
  An orc priest (D:3)
  4 adders
  2 river rats
  A ribbon worm (D:3)
  3 orcs (D:3)
  3 ball pythons
  5 bats
  2 endoplasms (D:2)
  3 giant cockroaches
  5 hobgoblins
  A jackal (Sewer)
  4 quokkas
  2 frilled lizards
  10 goblins
  12 kobolds
  5 rats
63 creatures vanquished.

Notes
Turn   | Place    | Note
-------+----------+-------------------------------------------
     0 | D:1      | CougarLife the Gnoll Fighter began the quest for the Orb.
     0 | D:1      | Reached XP level 1. HP: 23/23 MP: 1/1
    97 | D:1      | Reached XP level 2. HP: 28/29 MP: 2/2
   581 | D:2      | Reached XP level 3. HP: 35/35 MP: 2/4
   690 | D:2      | Reached skill level 1 in Invocations
   810 | D:2      | Reached skill level 1 in Short Blades
   810 | D:2      | Reached skill level 1 in Long Blades
   810 | D:2      | Reached skill level 1 in Maces & Flails
   810 | D:2      | Reached skill level 1 in Polearms
   810 | D:2      | Reached skill level 1 in Staves
   810 | D:2      | Reached skill level 1 in Ranged Weapons
   810 | D:2      | Reached skill level 1 in Throwing
   810 | D:2      | Reached skill level 1 in Dodging
   810 | D:2      | Reached skill level 1 in Stealth
   810 | D:2      | Reached skill level 1 in Unarmed Combat
   810 | D:2      | Reached skill level 1 in Spellcasting
   810 | D:2      | Reached skill level 1 in Evocations
   995 | D:2      | Reached skill level 1 in Shapeshifting
   995 | D:2      | Reached XP level 4. HP: 41/41 MP: 5/5
  1042 | D:2      | Found a shimmering altar of Xom.
  1199 | D:3      | Reached skill level 1 in Conjurations
  1199 | D:3      | Reached skill level 1 in Hexes
  1199 | D:3      | Reached skill level 1 in Summonings
  1199 | D:3      | Reached skill level 1 in Necromancy
  1199 | D:3      | Reached skill level 1 in Translocations
  1199 | D:3      | Reached skill level 1 in Fire Magic
  1199 | D:3      | Reached skill level 1 in Ice Magic
  1199 | D:3      | Reached skill level 1 in Air Magic
  1199 | D:3      | Reached skill level 1 in Earth Magic
  1199 | D:3      | Reached skill level 1 in Alchemy
  1226 | D:3      | Reached XP level 5. HP: 19/47 MP: 5/7
  1436 | D:3      | Found a glowing drain.
  1440 | Sewer    | Entered a sewer
  1545 | Sewer    | Noticed a kobold brigand
  1581 | Sewer    | Noticed a kobold brigand
  1596 | Sewer    | HP: 2/47 [asphyx]
  1597 | Sewer    | Succumbed to a kobold brigand's curare-tipped dart

Illustrated notes

Levels and vault maps discovered:
D:1:      dpeg_arrival_houses_and_road, layout_rooms
D:2:      layout_basic, basic_altar, minmay_quantized
D:3:      layout_basic, mainiacjoe_overflow_catwalk, serial_shops,
          nicolae_shop_overgrown_old_shop, gup_sewer_entry_spiral,
          minmay_misc_feat_chi
Sewer:    sewer_kobolds

Skill      XL: |  1  2  3  4 |
---------------+-------------+-----
Invocations    | 1 |  1.7
Short Blades   | 1 |  1.5
Long Blades    | 1 |  1.5
Maces & Flails | 1 |  1.5
Polearms       | 1 |  1.5
Staves         | 1 |  1.5
Ranged Weapons | 1 |  1.5
Throwing       | 1 |  1.5
Dodging        | 1 |  1.5
Stealth        | 1 |  1.5
Unarmed Combat | 1 |  1.5
Spellcasting   | 1 |  1.5
Evocations     | 1 |  1.5
Shapeshifting  | 1 |  1.3
Conjurations   | 1 |  1.2
Hexes          | 1 |  1.2
Summonings     | 1 |  1.2
Necromancy     | 1 |  1.2
Translocations | 1 |  1.2
Fire Magic     | 1 |  1.2
Ice Magic      | 1 |  1.2
Air Magic      | 1 |  1.2
Earth Magic    | 1 |  1.2
Alchemy        | 1 |  1.2
Fighting       | |  6.7
Axes           | |  4.8
Armour         | |  6.7
Shields        | |  6.7

Action                     |  1- 3 |  4- 6 || total
---------------------------+-------+-------++-------
  Melee: War axe           |   100 |    72 ||   172
         Bite              |     9 |     9 ||    18
  Throw: Dart              |       |     3 ||     3
 Armour: Scale mail        |    69 |    51 ||   120
  Dodge: Dodged            |    43 |    39 ||    82
  Block: Buckler           |    22 |    20 ||    42

Table legend: (Time is in decaauts)
 A = Elapsed time spent in this place.
 B = Non-inter-level travel time spent in this place.
 C = Inter-level travel time spent in this place.
 D = Time resting spent in this place.
 E = Time spent auto-exploring this place.
 F = Levels seen in this place.
 G = Mean time per level.
                   A        B        C        D        E       F      G
               +--------+--------+--------+--------+--------+-----+--------+
         Total |   1741 |   1692 |     49 |      0 |    898 |   4 |  435.2 |
       Dungeon |   1513 |   1464 |     49 |      0 |    845 |   3 |  504.3 |
         Sewer |    227 |    227 |      0 |      0 |     53 |   1 |  227.0 |
               +--------+--------+--------+--------+--------+-----+--------+

Top non-repeatable levels by time:
     D:2: 613 daAuts
     D:1: 545 daAuts
     D:3: 355 daAuts
   Sewer: 227 daAuts
